[ PARTIDA AOE2 · #482820444 ]
UnrankedFrancos vs Persians
[ ANÁLISIS DE REPETICIÓN · EXTRAÍDO DE LA PARTIDA GRABADA ]
Feudal
10:41
Castillos
15:07
Imperial
33:39
| APM promedio | 39.3 |
| APM pico | 73 |
| eAPM promedio | 22.7 |
| Aldeanos / militares | 209 / 237 |
Foco
⚔️ 34.6% · 🌾 65.4%
Knight ×135 · Scout Cavalry ×51 · Throwing Axeman ×28 · Bombard Cannon ×14 · Scorpion ×4 · Battering Ram ×4
Feudal
12:24
Castillos
15:57
Imperial
33:37
| APM promedio | 36.6 |
| APM pico | 163 |
| eAPM promedio | 19.7 |
| Aldeanos / militares | 134 / 128 |
Foco
⚔️ 34.9% · 🌾 65.1%
Skirmisher ×49 · Bolas Rider ×49 · Spearman ×30
Feudal
10:34
Castillos
14:09
Imperial
29:44
| APM promedio | 42.4 |
| APM pico | 76 |
| eAPM promedio | 30.9 |
| Aldeanos / militares | 264 / 426 |
Foco
⚔️ 38.0% · 🌾 62.0%
Knight ×396 · Trebuchet (Packed) ×18 · Camel Scout ×6 · Scorpion ×3 · Battering Ram ×3
Feudal
9:50
Castillos
24:53
Imperial
34:02
| APM promedio | 41.7 |
| APM pico | 86 |
| eAPM promedio | 20.3 |
| Aldeanos / militares | 168 / 205 |
Foco
⚔️ 36.0% · 🌾 64.0%
Cavalry Archer ×119 · Magyar Huszar ×72 · Scout Cavalry ×13 · Trebuchet (Packed) ×1
Feudal
11:24
Castillos
14:55
Imperial
33:45
| APM promedio | 52.3 |
| APM pico | 85 |
| eAPM promedio | 28.3 |
| Aldeanos / militares | 99 / 102 |
Foco
⚔️ 44.8% · 🌾 55.2%
Mangudai ×90 · Archer ×7 · Petard ×4 · Trebuchet (Packed) ×1
Feudal
11:48
Castillos
17:20
Imperial
31:38
| APM promedio | 21.7 |
| APM pico | 61 |
| eAPM promedio | 11.0 |
| Aldeanos / militares | 105 / 230 |
Foco
⚔️ 26.2% · 🌾 73.8%
Camel Scout ×230
Feudal
10:06
Castillos
19:36
Imperial
34:29
| APM promedio | 33.2 |
| APM pico | 74 |
| eAPM promedio | 18.1 |
| Aldeanos / militares | 170 / 787 |
Foco
⚔️ 44.2% · 🌾 55.8%
Scout Cavalry ×408 · Knight ×376 · Battering Ram ×2 · Scorpion ×1
Feudal
12:09
Castillos
16:37
Imperial
34:34
| APM promedio | 40.4 |
| APM pico | 126 |
| eAPM promedio | 24.8 |
| Aldeanos / militares | 156 / 331 |
Foco
⚔️ 35.3% · 🌾 64.7%
Skirmisher ×192 · Spearman ×114 · Conquistador ×13 · Trebuchet (Packed) ×12
Mapa de la partida
Recursos iniciales + cada clic de construcción. Líneas = muros · curvas = relieve. ◆ oro · ⬟ piedra · ● bayas · ✦ reliquia · ◌ hueco del cierre
Tu base· ✓ Cerrada en 15:07 · 19t muro · 2 puerta(s)
Base de sevaslav· ✓ Cerrada en 15:57 · 0t muro · 2 puerta(s)
Base de 啥牌子的· ✓ Cerrada en 14:09 · 3t muro · 1 puerta(s)
Base de The Wulf· ✓ Cerrada en 24:53 · 24t muro · 2 puerta(s)
Base de 飞飞茫茫· ✓ Cerrada en 14:55 · 8t muro · sin puerta
Base de 肥肠拌面· ✓ Cerrada en 17:20 · 18t muro · 3 puerta(s)
Base de echo· ✓ Cerrada en 19:36 · 6t muro · 1 puerta(s)
Base de 班长· ✓ Cerrada en 16:37 · 30t muro · 2 puerta(s)
Terreno inicial suavizado · ◌ = hueco del cierre detectado · pasá el cursor para detalles
Inputs por minuto
— jardan1234 - - sevaslav
Build order — jardan1234
Primeras 150 de 584 acciones detectadas
| 0:03 | Crear | Villager (Male) |
| 0:04 | Crear | Villager (Male) |
| 0:04 | Crear | Villager (Male) |
| 0:04 | Crear | Villager (Male) |
| 0:05 | Construir | House |
| 0:07 | Construir | House |
| 1:25 | Crear | Villager (Male) |
| 1:51 | Construir | Lumber Camp |
| 2:03 | Crear | Villager (Male) |
| 2:16 | Crear | Villager (Male) |
| 2:17 | Crear | Villager (Male) |
| 2:57 | Crear | Villager (Male) |
| 3:09 | Construir | House |
| 3:14 | Crear | Villager (Male) |
| 3:14 | Crear | Villager (Male) |
| 3:17 | Construir | House |
| 3:21 | Construir | House |
| 3:48 | Crear | Villager (Male) |
| 3:48 | Crear | Villager (Male) |
| 3:53 | Crear | Villager (Male) |
| 3:54 | Crear | Villager (Male) |
| 4:04 | Construir | House |
| 4:12 | Construir | Palisade Wall |
| 4:15 | Construir | Palisade Wall |
| 4:37 | Crear | Villager (Male) |
| 4:37 | Crear | Villager (Male) |
| 4:38 | Crear | Villager (Male) |
| 5:04 | Crear | Villager (Male) |
| 5:28 | Crear | Villager (Male) |
| 5:28 | Crear | Villager (Male) |
| 6:05 | Construir | Mill |
| 6:18 | Crear | Villager (Male) |
| 6:19 | Crear | Villager (Male) |
| 6:19 | Crear | Villager (Male) |
| 6:48 | Construir | Mining Camp |
| 6:55 | Crear | Villager (Male) |
| 7:10 | Crear | Villager (Male) |
| 7:50 | Crear | Villager (Male) |
| 8:31 | Investigar | Feudal Age |
| 8:31 | Investigar | Feudal Age |
| 8:44 | Construir | House |
| 9:32 | Construir | House |
| 10:28 | Construir | Palisade Wall |
| 10:29 | Construir | Palisade Wall |
| 10:41 | Edad | Edad Feudal |
| 10:52 | Construir | Market |
| 10:56 | Construir | Blacksmith |
| 11:07 | Construir | Farm |
| 11:07 | Construir | Farm |
| 11:10 | Construir | Farm |
| 11:12 | Crear | Villager (Male) |
| 11:46 | Construir | Farm |
| 11:49 | Construir | Farm |
| 11:53 | Construir | Farm |
| 11:55 | Construir | Farm |
| 12:02 | Construir | Farm |
| 12:19 | Construir | Farm |
| 12:27 | Investigar | Castle Age |
| 12:27 | Investigar | Castle Age |
| 12:59 | Investigar | Double-Bit Axe |
| 13:35 | Construir | Palisade Gate |
| 13:42 | Investigar | Gold Mining |
| 13:55 | Crear | Villager (Male) |
| 13:56 | Crear | Villager (Male) |
| 14:37 | Construir | Gate |
| 14:52 | Construir | House |
| 14:53 | Crear | Villager (Male) |
| 15:07 | Edad | Edad de los Castillos |
| 15:10 | Construir | Barracks |
| 15:15 | Crear | Villager (Male) |
| 15:51 | Crear | Villager (Male) |
| 16:03 | Construir | Stable |
| 16:08 | Investigar | Scale Barding Armor |
| 16:09 | Investigar | Forging |
| 16:41 | Crear | Knight |
| 16:42 | Crear | Knight |
| 16:48 | Crear | Villager (Male) |
| 16:55 | Investigar | Bow Saw |
| 16:58 | Crear | Villager (Male) |
| 17:20 | Crear | Knight |
| 17:28 | Crear | Villager (Male) |
| 18:00 | Construir | Town Center |
| 18:02 | Investigar | Loom |
| 18:39 | Crear | Villager (Male) |
| 18:39 | Crear | Villager (Male) |
| 18:53 | Crear | Knight |
| 18:53 | Crear | Knight |
| 18:56 | Crear | Villager (Male) |
| 18:56 | Crear | Villager (Male) |
| 19:01 | Construir | Farm |
| 19:03 | Construir | Farm |
| 19:05 | Construir | Farm |
| 19:08 | Construir | Farm |
| 19:11 | Crear | Villager (Male) |
| 19:11 | Crear | Villager (Male) |
| 19:24 | Crear | Villager (Male) |
| 19:25 | Crear | Villager (Male) |
| 19:49 | Crear | Villager (Male) |
| 19:50 | Crear | Villager (Male) |
| 19:52 | Construir | Farm |
| 20:11 | Construir | Mining Camp |
| 20:12 | Crear | Villager (Male) |
| 20:12 | Crear | Villager (Male) |
| 20:22 | Crear | Villager (Male) |
| 20:22 | Crear | Villager (Male) |
| 20:48 | Construir | House |
| 20:50 | Construir | House |
| 20:50 | Construir | House |
| 20:51 | Construir | House |
| 20:52 | Construir | House |
| 20:52 | Construir | House |
| 20:59 | Crear | Villager (Male) |
| 20:59 | Crear | Villager (Male) |
| 21:00 | Crear | Villager (Male) |
| 21:00 | Crear | Villager (Male) |
| 21:20 | Crear | Villager (Male) |
| 21:20 | Crear | Villager (Male) |
| 21:25 | Construir | Farm |
| 21:26 | Construir | Farm |
| 21:26 | Construir | Farm |
| 21:33 | Construir | Farm |
| 21:34 | Construir | Farm |
| 21:37 | Construir | Farm |
| 21:42 | Crear | Villager (Male) |
| 21:43 | Crear | Villager (Male) |
| 21:43 | Crear | Villager (Male) |
| 21:51 | Construir | Town Center |
| 21:58 | Crear | Villager (Male) |
| 21:59 | Crear | Villager (Male) |
| 22:02 | Construir | Farm |
| 22:09 | Crear | Knight |
| 22:09 | Crear | Knight |
| 22:54 | Crear | Villager (Male) |
| 22:54 | Crear | Villager (Male) |
| 22:54 | Crear | Villager (Male) |
| 23:02 | Crear | Knight |
| 23:02 | Crear | Knight |
| 23:15 | Construir | Monastery |
| 23:38 | Construir | Town Center |
| 23:41 | Crear | Villager (Male) |
| 23:42 | Crear | Villager (Male) |
| 23:45 | Crear | Knight |
| 23:46 | Crear | Knight |
| 23:57 | Construir | Farm |
| 23:59 | Construir | Farm |
| 24:08 | Crear | Monk |
| 24:11 | Crear | Villager (Male) |
| 24:11 | Crear | Villager (Male) |
| 24:12 | Crear | Villager (Male) |
| 24:13 | Crear | Villager (Male) |
Build order — sevaslav
Primeras 150 de 342 acciones detectadas
| 0:01 | Crear | Villager (Male) ×4 |
| 0:04 | Construir | House |
| 0:06 | Construir | House |
| 1:29 | Crear | Villager (Male) |
| 1:53 | Crear | Villager (Male) |
| 1:53 | Crear | Villager (Male) |
| 2:24 | Crear | Villager (Male) |
| 2:24 | Crear | Villager (Male) |
| 2:55 | Crear | Villager (Male) ×2 |
| 2:55 | Crear | Villager (Male) ×2 |
| 3:38 | Construir | Settlement |
| 3:44 | Crear | Villager (Male) |
| 3:44 | Crear | Villager (Male) |
| 3:49 | Crear | Villager (Male) |
| 4:08 | Crear | Villager (Male) |
| 4:24 | Crear | Villager (Male) |
| 4:50 | Crear | Villager (Male) ×2 |
| 4:50 | Crear | Villager (Male) ×2 |
| 5:14 | Crear | Villager (Male) ×4 |
| 5:15 | Crear | Villager (Male) ×4 |
| 5:33 | Construir | House |
| 5:35 | Construir | House |
| 5:41 | Crear | Villager (Male) |
| 6:09 | Construir | Palisade Gate |
| 6:11 | Construir | Palisade Gate |
| 6:18 | Construir | House |
| 6:20 | Crear | Villager (Male) ×2 |
| 6:46 | Construir | House |
| 8:19 | Construir | Settlement |
| 9:18 | Construir | Outpost |
| 9:20 | Construir | Outpost |
| 9:24 | Crear | Villager (Male) |
| 9:25 | Crear | Villager (Male) |
| 10:05 | Investigar | Feudal Age |
| 10:37 | Construir | Farm |
| 10:39 | Construir | Farm |
| 10:47 | Construir | Farm |
| 10:58 | Construir | Farm |
| 11:01 | Construir | Farm |
| 11:36 | Crear | Villager (Male) |
| 11:37 | Crear | Villager (Male) |
| 11:43 | Construir | Barracks |
| 12:22 | Construir | House |
| 12:24 | Edad | Edad Feudal |
| 12:30 | Construir | Archery Range |
| 12:42 | Construir | Blacksmith |
| 12:58 | Investigar | Double-Bit Axe |
| 13:17 | Investigar | Castle Age |
| 13:17 | Investigar | Castle Age |
| 13:34 | Construir | Settlement |
| 14:03 | Investigar | Horse Collar |
| 14:55 | Construir | Archery Range |
| 15:00 | Investigar | Fletching |
| 15:01 | Investigar | Fletching |
| 15:25 | Crear | Villager (Male) |
| 15:25 | Crear | Villager (Male) |
| 15:50 | Investigar | Padded Archer Armor |
| 15:50 | Investigar | Padded Archer Armor |
| 15:57 | Edad | Edad de los Castillos |
| 15:58 | Crear | Bolas Rider |
| 15:59 | Crear | Bolas Rider |
| 16:03 | Crear | Bolas Rider |
| 16:04 | Crear | Bolas Rider |
| 16:04 | Crear | Bolas Rider |
| 16:29 | Construir | Town Center |
| 16:33 | Crear | Villager (Male) |
| 16:34 | Crear | Villager (Male) |
| 16:51 | Crear | Bolas Rider |
| 16:51 | Crear | Bolas Rider |
| 16:57 | Investigar | Bodkin Arrow |
| 16:58 | Investigar | Bodkin Arrow |
| 17:15 | Crear | Bolas Rider |
| 17:16 | Crear | Bolas Rider |
| 17:26 | Crear | Villager (Male) |
| 17:29 | Construir | Farm |
| 17:32 | Construir | Farm |
| 17:38 | Crear | Bolas Rider |
| 17:38 | Crear | Bolas Rider |
| 18:25 | Crear | Villager (Male) |
| 18:25 | Crear | Villager (Male) |
| 18:26 | Crear | Villager (Male) |
| 18:26 | Crear | Villager (Male) |
| 18:36 | Construir | University |
| 18:50 | Crear | Bolas Rider |
| 18:50 | Crear | Bolas Rider |
| 18:56 | Construir | Outpost |
| 19:02 | Crear | Bolas Rider |
| 19:02 | Crear | Bolas Rider |
| 19:15 | Crear | Villager (Male) ×2 |
| 19:17 | Crear | Bolas Rider |
| 19:18 | Crear | Bolas Rider |
| 19:51 | Crear | Villager (Male) ×2 |
| 19:56 | Construir | Outpost |
| 19:58 | Construir | Farm |
| 19:59 | Construir | Farm |
| 20:00 | Construir | Farm |
| 20:10 | Construir | House |
| 20:33 | Crear | Bolas Rider |
| 20:33 | Crear | Bolas Rider |
| 20:39 | Construir | Outpost |
| 20:47 | Crear | Villager (Male) ×2 |
| 21:01 | Crear | Villager (Male) |
| 21:34 | Investigar | Ballistics |
| 21:34 | Investigar | Ballistics |
| 21:36 | Construir | House |
| 21:51 | Crear | Bolas Rider |
| 21:51 | Crear | Bolas Rider |
| 21:51 | Crear | Bolas Rider |
| 22:29 | Investigar | Leather Archer Armor |
| 22:29 | Investigar | Leather Archer Armor |
| 22:32 | Crear | Villager (Male) ×3 |
| 22:46 | Crear | Bolas Rider |
| 22:46 | Crear | Bolas Rider |
| 22:47 | Crear | Bolas Rider |
| 22:50 | Construir | House |
| 23:23 | Crear | Bolas Rider |
| 23:23 | Crear | Bolas Rider |
| 23:38 | Crear | Villager (Male) ×4 |
| 23:57 | Construir | Town Center |
| 23:59 | Construir | House |
| 24:01 | Construir | House |
| 24:35 | Crear | Bolas Rider |
| 24:35 | Crear | Bolas Rider |
| 24:36 | Crear | Villager (Male) ×4 |
| 24:58 | Construir | Town Center |
| 25:08 | Construir | House |
| 25:09 | Crear | Villager (Male) ×2 |
| 25:12 | Crear | Bolas Rider |
| 25:13 | Crear | Bolas Rider |
| 25:32 | Crear | Villager (Male) |
| 25:32 | Crear | Villager (Male) |
| 26:02 | Crear | Villager (Male) ×2 |
| 26:18 | Crear | Villager (Male) ×2 |
| 26:23 | Construir | Farm |
| 26:24 | Construir | Farm |
| 26:33 | Construir | House |
| 26:38 | Construir | Farm |
| 26:38 | Construir | Farm |
| 26:38 | Construir | Farm |
| 26:39 | Construir | Farm |
| 26:39 | Construir | Farm |
| 26:40 | Construir | Farm |
| 26:40 | Construir | Farm |
| 26:49 | Construir | Farm |
| 27:05 | Crear | Villager (Male) ×2 |
| 27:09 | Construir | Farm |
| 27:11 | Construir | Farm |
| 27:13 | Construir | Farm |
| 27:16 | Construir | Farm |
| 27:18 | Construir | House |
Build order — 啥牌子的
Primeras 150 de 919 acciones detectadas
| 0:01 | Crear | Villager (Male) |
| 0:02 | Crear | Villager (Male) |
| 0:02 | Crear | Villager (Male) |
| 0:02 | Crear | Villager (Male) |
| 0:03 | Construir | House |
| 0:04 | Construir | House |
| 0:39 | Crear | Villager (Male) |
| 1:25 | Crear | Villager (Male) |
| 1:26 | Crear | Villager (Male) |
| 2:20 | Crear | Villager (Male) |
| 2:20 | Crear | Villager (Male) |
| 2:21 | Crear | Villager (Male) |
| 2:21 | Crear | Villager (Male) |
| 2:21 | Crear | Villager (Male) |
| 2:27 | Construir | Lumber Camp |
| 3:02 | Crear | Villager (Male) |
| 3:04 | Crear | Villager (Male) |
| 3:04 | Crear | Villager (Male) |
| 3:47 | Construir | House |
| 3:48 | Construir | House |
| 3:50 | Crear | Villager (Male) |
| 3:50 | Crear | Villager (Male) |
| 4:25 | Construir | House |
| 4:36 | Crear | Villager (Male) |
| 4:36 | Crear | Villager (Male) |
| 4:40 | Crear | Villager (Male) |
| 4:40 | Crear | Villager (Male) |
| 4:40 | Crear | Villager (Male) |
| 4:44 | Crear | Villager (Male) |
| 4:44 | Crear | Villager (Male) |
| 4:56 | Construir | Mill |
| 5:05 | Crear | Villager (Male) |
| 5:05 | Crear | Villager (Male) |
| 5:05 | Crear | Villager (Male) |
| 5:06 | Crear | Villager (Male) |
| 5:15 | Crear | Villager (Male) |
| 5:15 | Crear | Villager (Male) |
| 5:27 | Crear | Villager (Male) |
| 5:34 | Construir | Palisade Gate |
| 5:35 | Construir | Palisade Wall |
| 5:36 | Construir | Palisade Wall |
| 5:36 | Construir | Palisade Wall |
| 6:01 | Crear | Villager (Male) |
| 6:01 | Crear | Villager (Male) |
| 6:07 | Crear | Villager (Male) |
| 6:07 | Crear | Villager (Male) |
| 7:09 | Construir | Mining Camp |
| 7:31 | Construir | Farm |
| 7:33 | Construir | Farm |
| 8:06 | Construir | Farm |
| 8:26 | Investigar | Feudal Age |
| 8:26 | Investigar | Feudal Age |
| 8:26 | Investigar | Feudal Age |
| 8:30 | Investigar | Feudal Age |
| 8:55 | Crear | Villager (Male) |
| 8:55 | Crear | Villager (Male) |
| 9:13 | Construir | Farm |
| 9:23 | Crear | Villager (Male) |
| 9:23 | Crear | Villager (Male) |
| 10:34 | Edad | Edad Feudal |
| 10:38 | Construir | Market |
| 10:43 | Construir | Blacksmith |
| 11:42 | Investigar | Castle Age |
| 11:52 | Construir | Mill |
| 12:09 | Construir | Mill |
| 12:25 | Investigar | Double-Bit Axe |
| 12:37 | Investigar | Horse Collar |
| 12:37 | Investigar | Horse Collar |
| 12:45 | Construir | House |
| 13:40 | Construir | House |
| 14:00 | Construir | House |
| 14:09 | Edad | Edad de los Castillos |
| 14:17 | Construir | Town Center |
| 14:30 | Crear | Villager (Male) |
| 14:31 | Crear | Villager (Male) |
| 14:58 | Crear | Villager (Male) |
| 15:00 | Construir | Town Center |
| 15:16 | Crear | Villager (Male) |
| 15:28 | Crear | Villager (Male) |
| 15:29 | Crear | Villager (Male) |
| 15:37 | Investigar | Bow Saw |
| 15:40 | Crear | Villager (Male) |
| 16:02 | Investigar | Heavy Plow |
| 16:02 | Investigar | Heavy Plow |
| 16:03 | Crear | Villager (Male) |
| 16:07 | Crear | Villager (Male) |
| 16:13 | Construir | Farm |
| 16:15 | Crear | Villager (Male) |
| 16:26 | Construir | Farm |
| 16:38 | Crear | Villager (Male) |
| 16:41 | Construir | Farm |
| 16:46 | Construir | Farm |
| 16:55 | Crear | Villager (Male) |
| 16:56 | Crear | Villager (Male) |
| 17:03 | Construir | Farm |
| 17:04 | Crear | Villager (Male) |
| 17:04 | Crear | Villager (Male) |
| 17:05 | Construir | Farm |
| 17:14 | Construir | Farm |
| 17:15 | Crear | Villager (Male) |
| 17:15 | Crear | Villager (Male) |
| 17:35 | Crear | Villager (Male) |
| 17:35 | Crear | Villager (Male) |
| 17:41 | Construir | Gate |
| 17:44 | Crear | Villager (Male) |
| 17:44 | Crear | Villager (Male) |
| 17:44 | Crear | Villager (Male) |
| 17:52 | Crear | Villager (Male) |
| 17:52 | Crear | Villager (Male) |
| 17:55 | Construir | Farm |
| 17:58 | Construir | Farm |
| 18:05 | Crear | Villager (Male) |
| 18:05 | Crear | Villager (Male) |
| 18:11 | Crear | Villager (Male) |
| 18:11 | Crear | Villager (Male) |
| 18:19 | Crear | Villager (Male) |
| 18:19 | Crear | Villager (Male) |
| 18:19 | Crear | Villager (Male) |
| 18:31 | Crear | Villager (Male) |
| 18:31 | Crear | Villager (Male) |
| 18:31 | Crear | Villager (Male) |
| 18:44 | Construir | Farm |
| 18:46 | Construir | Farm |
| 18:49 | Construir | Farm |
| 18:50 | Crear | Villager (Male) |
| 18:50 | Crear | Villager (Male) |
| 18:54 | Construir | Farm |
| 18:54 | Crear | Villager (Male) |
| 18:54 | Crear | Villager (Male) |
| 18:56 | Construir | Farm |
| 18:59 | Construir | Farm |
| 19:00 | Crear | Villager (Male) |
| 19:00 | Crear | Villager (Male) |
| 19:15 | Crear | Villager (Male) |
| 19:15 | Crear | Villager (Male) |
| 19:17 | Investigar | Loom |
| 19:20 | Construir | Farm |
| 19:21 | Crear | Villager (Male) |
| 19:21 | Crear | Villager (Male) |
| 19:24 | Construir | House |
| 19:27 | Crear | Villager (Male) |
| 19:28 | Crear | Villager (Male) |
| 19:32 | Construir | Lumber Camp |
| 19:40 | Crear | Villager (Male) |
| 19:41 | Crear | Villager (Male) |
| 19:45 | Construir | Siege Workshop |
| 19:47 | Crear | Villager (Male) |
| 19:47 | Crear | Villager (Male) |
| 19:47 | Crear | Villager (Male) |
| 19:51 | Construir | House |
Build order — The Wulf
Primeras 150 de 535 acciones detectadas
| 0:01 | Crear | Villager (Male) |
| 0:01 | Crear | Villager (Male) |
| 0:02 | Construir | House |
| 0:04 | Construir | House |
| 0:40 | Crear | Villager (Male) |
| 1:12 | Crear | Villager (Male) |
| 1:36 | Crear | Villager (Male) |
| 1:45 | Construir | Lumber Camp |
| 2:08 | Crear | Villager (Male) |
| 2:28 | Crear | Villager (Male) |
| 3:01 | Crear | Villager (Male) |
| 3:30 | Crear | Villager (Male) |
| 4:04 | Crear | Villager (Male) |
| 4:22 | Crear | Villager (Male) |
| 4:24 | Construir | House |
| 4:44 | Construir | Mill |
| 4:51 | Investigar | Loom |
| 5:30 | Crear | Villager (Male) |
| 5:33 | Construir | House |
| 5:53 | Crear | Villager (Male) |
| 6:18 | Crear | Villager (Male) |
| 6:35 | Crear | Villager (Male) |
| 6:39 | Construir | Barracks |
| 6:44 | Construir | Palisade Wall |
| 6:49 | Construir | Palisade Gate |
| 7:06 | Crear | Villager (Male) |
| 7:40 | Investigar | Feudal Age |
| 8:44 | Construir | House |
| 8:52 | Crear | Villager (Male) |
| 8:54 | Crear | Villager (Male) |
| 9:50 | Edad | Edad Feudal |
| 9:54 | Construir | Stable |
| 10:07 | Investigar | Double-Bit Axe |
| 10:31 | Crear | Villager (Male) |
| 10:35 | Crear | Scout Cavalry |
| 10:35 | Crear | Scout Cavalry |
| 10:45 | Investigar | Horse Collar |
| 11:01 | Crear | Villager (Male) |
| 11:19 | Crear | Scout Cavalry |
| 11:34 | Crear | Villager (Male) |
| 11:41 | Construir | House |
| 11:57 | Crear | Villager (Male) |
| 12:10 | Construir | House |
| 12:26 | Crear | Villager (Male) |
| 12:40 | Crear | Villager (Male) |
| 12:44 | Construir | Farm |
| 12:44 | Construir | Farm |
| 12:44 | Construir | Farm |
| 12:44 | Construir | Farm |
| 12:45 | Construir | Farm |
| 12:47 | Crear | Villager (Male) |
| 12:59 | Construir | House |
| 13:01 | Construir | House |
| 13:07 | Crear | Scout Cavalry |
| 13:26 | Crear | Scout Cavalry |
| 13:51 | Crear | Villager (Male) |
| 13:55 | Construir | Farm |
| 13:56 | Construir | Farm |
| 13:56 | Construir | Farm |
| 14:13 | Investigar | Bloodlines |
| 14:13 | Crear | Scout Cavalry |
| 14:22 | Crear | Villager (Male) |
| 14:27 | Construir | House |
| 14:28 | Construir | House |
| 14:32 | Construir | House |
| 14:33 | Construir | House |
| 14:40 | Crear | Scout Cavalry |
| 14:51 | Crear | Villager (Male) |
| 15:11 | Construir | Farm |
| 15:14 | Construir | Farm |
| 15:14 | Construir | Farm |
| 15:17 | Construir | Farm |
| 15:18 | Crear | Villager (Male) |
| 15:26 | Crear | Villager (Male) |
| 16:07 | Crear | Scout Cavalry |
| 16:18 | Construir | Blacksmith |
| 16:19 | Construir | House |
| 16:20 | Construir | House |
| 16:21 | Crear | Villager (Male) |
| 16:21 | Crear | Villager (Male) |
| 16:44 | Crear | Scout Cavalry |
| 16:44 | Crear | Scout Cavalry |
| 16:48 | Construir | Farm |
| 16:49 | Construir | Farm |
| 16:49 | Construir | Farm |
| 16:49 | Construir | Farm |
| 16:49 | Construir | Farm |
| 16:51 | Construir | Farm |
| 17:10 | Investigar | Padded Archer Armor |
| 17:12 | Investigar | Scale Barding Armor |
| 17:13 | Crear | Villager (Male) |
| 17:34 | Crear | Scout Cavalry |
| 17:46 | Crear | Villager (Male) |
| 17:49 | Construir | Farm |
| 17:52 | Construir | Farm |
| 17:55 | Investigar | Wheelbarrow |
| 18:05 | Crear | Villager (Male) |
| 18:08 | Construir | Farm |
| 18:10 | Construir | Farm |
| 18:15 | Construir | Farm |
| 18:17 | Construir | Farm |
| 18:30 | Crear | Scout Cavalry |
| 18:30 | Crear | Scout Cavalry |
| 19:22 | Construir | Lumber Camp |
| 19:54 | Crear | Villager (Male) |
| 19:55 | Crear | Villager (Male) |
| 19:57 | Crear | Villager (Male) |
| 21:09 | Construir | Stone Wall |
| 21:12 | Crear | Villager (Male) |
| 21:16 | Construir | Gate |
| 21:37 | Crear | Villager (Male) |
| 22:13 | Investigar | Castle Age |
| 22:13 | Investigar | Castle Age |
| 22:23 | Construir | Stone Wall |
| 22:49 | Construir | Mining Camp |
| 23:45 | Investigar | Gold Mining |
| 23:55 | Construir | House |
| 23:56 | Construir | House |
| 23:57 | Construir | House |
| 24:33 | Crear | Villager (Male) |
| 24:34 | Crear | Villager (Male) |
| 24:34 | Crear | Villager (Male) |
| 24:42 | Investigar | Stone Mining |
| 24:53 | Edad | Edad de los Castillos |
| 24:54 | Investigar | Light Cavalry (upgrade) |
| 24:54 | Investigar | Husbandry |
| 24:58 | Investigar | Bow Saw |
| 24:59 | Investigar | Heavy Plow |
| 25:08 | Construir | Town Center |
| 25:17 | Investigar | Gold Shaft Mining |
| 25:26 | Investigar | Chain Barding Armor |
| 25:43 | Crear | Villager (Male) |
| 26:06 | Crear | Villager (Male) |
| 26:17 | Investigar | Fletching |
| 26:20 | Crear | Villager (Male) |
| 26:20 | Crear | Villager (Male) |
| 26:25 | Crear | Villager (Male) |
| 27:02 | Crear | Villager (Male) |
| 27:02 | Crear | Villager (Male) |
| 27:03 | Crear | Villager (Male) |
| 27:14 | Construir | House |
| 27:15 | Construir | House |
| 27:16 | Construir | House |
| 27:18 | Construir | House |
| 27:19 | Construir | House |
| 27:23 | Construir | University |
| 27:27 | Crear | Villager (Male) |
| 27:30 | Investigar | Bodkin Arrow |
| 27:32 | Investigar | Padded Archer Armor |
| 27:40 | Crear | Villager (Male) |
Build order — 飞飞茫茫
Primeras 150 de 352 acciones detectadas
| 0:01 | Crear | Villager (Male) |
| 0:02 | Crear | Villager (Male) |
| 0:02 | Crear | Villager (Male) |
| 0:03 | Construir | House |
| 0:05 | Construir | House |
| 0:05 | Crear | Villager (Male) |
| 1:26 | Crear | Villager (Male) |
| 1:50 | Crear | Villager (Male) |
| 1:52 | Construir | Lumber Camp |
| 2:20 | Crear | Villager (Male) |
| 2:49 | Crear | Villager (Male) |
| 3:01 | Construir | House |
| 3:02 | Construir | House |
| 3:06 | Crear | Villager (Male) |
| 3:20 | Crear | Villager (Male) |
| 3:20 | Crear | Villager (Male) |
| 3:20 | Crear | Villager (Male) |
| 3:46 | Crear | Villager (Male) |
| 3:58 | Crear | Villager (Male) |
| 4:02 | Construir | House |
| 4:14 | Crear | Villager (Male) |
| 4:26 | Crear | Villager (Male) |
| 4:26 | Crear | Villager (Male) |
| 4:58 | Construir | Mill |
| 5:09 | Crear | Villager (Male) |
| 5:09 | Crear | Villager (Male) |
| 5:10 | Crear | Villager (Male) |
| 7:34 | Crear | Villager (Male) |
| 7:34 | Crear | Villager (Male) |
| 7:43 | Construir | Mining Camp |
| 8:00 | Crear | Villager (Male) |
| 8:15 | Investigar | Feudal Age |
| 8:29 | Construir | Mining Camp |
| 8:34 | Investigar | Loom |
| 8:35 | Investigar | Feudal Age |
| 9:40 | Construir | Palisade Wall |
| 9:55 | Construir | Farm |
| 10:49 | Crear | Villager (Male) |
| 10:50 | Crear | Villager (Male) |
| 11:24 | Edad | Edad Feudal |
| 11:26 | Construir | Market |
| 11:30 | Construir | Blacksmith |
| 11:55 | Construir | House |
| 12:15 | Investigar | Castle Age |
| 12:23 | Investigar | Double-Bit Axe |
| 12:24 | Investigar | Double-Bit Axe |
| 12:36 | Construir | Palisade Wall |
| 13:04 | Construir | House |
| 13:19 | Construir | Farm |
| 14:19 | Crear | Villager (Male) |
| 14:55 | Edad | Edad de los Castillos |
| 14:58 | Construir | Castle |
| 15:04 | Investigar | Bow Saw |
| 15:06 | Crear | Villager (Male) |
| 15:23 | Construir | Farm |
| 15:40 | Crear | Villager (Male) |
| 15:48 | Construir | Farm |
| 16:01 | Crear | Villager (Male) |
| 16:09 | Crear | Mangudai |
| 16:14 | Construir | Farm |
| 16:17 | Construir | Farm |
| 16:18 | Construir | Farm |
| 16:24 | Construir | Farm |
| 16:26 | Crear | Mangudai |
| 16:27 | Crear | Villager (Male) |
| 16:37 | Construir | Farm |
| 16:48 | Crear | Mangudai |
| 16:51 | Crear | Villager (Male) |
| 16:54 | Construir | Farm |
| 17:02 | Investigar | Fletching |
| 17:02 | Investigar | Fletching |
| 17:17 | Crear | Mangudai |
| 17:22 | Construir | Farm |
| 17:23 | Crear | Villager (Male) |
| 17:41 | Crear | Mangudai |
| 17:42 | Crear | Villager (Male) |
| 17:45 | Construir | Farm |
| 18:12 | Crear | Villager (Male) |
| 18:15 | Construir | Farm |
| 18:23 | Crear | Mangudai |
| 18:26 | Investigar | Bodkin Arrow |
| 18:26 | Investigar | Bodkin Arrow |
| 18:33 | Construir | Barracks |
| 18:37 | Crear | Villager (Male) |
| 18:40 | Crear | Villager (Male) |
| 18:51 | Crear | Mangudai |
| 18:57 | Construir | Farm |
| 19:02 | Construir | Farm |
| 19:09 | Crear | Mangudai |
| 19:12 | Investigar | Padded Archer Armor |
| 19:12 | Investigar | Padded Archer Armor |
| 19:13 | Crear | Villager (Male) |
| 19:21 | Construir | Farm |
| 19:22 | Construir | Farm |
| 19:25 | Construir | Stable |
| 19:27 | Crear | Mangudai |
| 19:30 | Crear | Villager (Male) |
| 19:35 | Crear | Villager (Male) |
| 19:46 | Construir | Farm |
| 20:04 | Crear | Villager (Male) |
| 20:06 | Crear | Mangudai |
| 20:13 | Construir | Farm |
| 20:19 | Investigar | Husbandry |
| 20:19 | Investigar | Husbandry |
| 20:22 | Construir | Farm |
| 20:25 | Crear | Mangudai |
| 20:36 | Construir | Farm |
| 20:44 | Construir | House |
| 20:53 | Crear | Villager (Male) |
| 21:01 | Crear | Villager (Male) |
| 21:17 | Investigar | Leather Archer Armor |
| 21:24 | Crear | Villager (Male) |
| 21:26 | Construir | House |
| 21:47 | Crear | Villager (Male) |
| 21:51 | Crear | Mangudai |
| 22:08 | Investigar | Bloodlines |
| 22:26 | Crear | Villager (Male) |
| 22:28 | Construir | University |
| 22:31 | Crear | Mangudai |
| 23:10 | Crear | Mangudai |
| 23:10 | Crear | Villager (Male) |
| 23:11 | Crear | Villager (Male) |
| 23:15 | Crear | Villager (Male) |
| 23:19 | Construir | Lumber Camp |
| 23:22 | Crear | Villager (Male) |
| 23:27 | Crear | Villager (Male) |
| 23:36 | Crear | Villager (Male) |
| 23:39 | Crear | Villager (Male) |
| 23:46 | Crear | Villager (Male) |
| 24:00 | Crear | Villager (Male) |
| 24:00 | Crear | Villager (Male) |
| 24:00 | Crear | Villager (Male) |
| 24:01 | Crear | Villager (Male) |
| 24:06 | Crear | Mangudai |
| 24:24 | Construir | Lumber Camp |
| 24:34 | Crear | Mangudai |
| 24:40 | Crear | Mangudai |
| 24:43 | Construir | House |
| 25:12 | Crear | Mangudai |
| 25:22 | Construir | House |
| 25:22 | Construir | House |
| 25:23 | Construir | House |
| 25:43 | Crear | Mangudai |
| 26:12 | Crear | Mangudai |
| 26:17 | Investigar | Ballistics |
| 26:18 | Investigar | Ballistics |
| 26:25 | Crear | Villager (Male) |
| 26:29 | Construir | Lumber Camp |
| 26:33 | Crear | Villager (Male) |
| 26:37 | Crear | Mangudai |
Build order — 肥肠拌面
Primeras 150 de 288 acciones detectadas
| 0:09 | Construir | House |
| 0:11 | Construir | House |
| 0:11 | Crear | Villager (Male) |
| 0:12 | Crear | Villager (Male) |
| 0:12 | Crear | Villager (Male) |
| 0:12 | Crear | Villager (Male) |
| 0:13 | Crear | Villager (Male) |
| 1:25 | Crear | Villager (Male) |
| 1:25 | Crear | Villager (Male) |
| 1:26 | Crear | Villager (Male) |
| 1:45 | Crear | Villager (Male) |
| 1:45 | Crear | Villager (Male) |
| 2:00 | Construir | Lumber Camp |
| 2:49 | Crear | Villager (Male) |
| 2:50 | Crear | Villager (Male) |
| 2:50 | Crear | Villager (Male) |
| 3:17 | Crear | Villager (Male) |
| 3:17 | Crear | Villager (Male) |
| 3:47 | Construir | House |
| 3:49 | Construir | House |
| 4:29 | Crear | Villager (Male) |
| 4:30 | Crear | Villager (Male) |
| 4:44 | Construir | Mill |
| 5:28 | Crear | Villager (Male) |
| 5:28 | Crear | Villager (Male) |
| 5:28 | Crear | Villager (Male) |
| 5:29 | Crear | Villager (Male) |
| 6:37 | Construir | Palisade Wall |
| 6:43 | Crear | Villager (Male) |
| 6:44 | Crear | Villager (Male) |
| 7:33 | Crear | Villager (Male) |
| 7:33 | Crear | Villager (Male) |
| 7:34 | Crear | Villager (Male) |
| 7:34 | Crear | Villager (Male) |
| 7:34 | Crear | Villager (Male) |
| 7:41 | Construir | Palisade Gate |
| 8:23 | Construir | Mining Camp |
| 9:16 | Investigar | Feudal Age |
| 9:29 | Construir | Farm |
| 9:45 | Construir | House |
| 9:47 | Construir | House |
| 9:48 | Construir | House |
| 10:39 | Crear | Villager (Male) |
| 10:39 | Crear | Villager (Male) |
| 11:29 | Construir | House |
| 11:48 | Edad | Edad Feudal |
| 12:02 | Construir | Market |
| 12:14 | Construir | Blacksmith |
| 12:26 | Construir | Farm |
| 12:45 | Construir | Farm |
| 12:52 | Crear | Villager (Male) |
| 12:55 | Construir | Farm |
| 12:58 | Construir | Farm |
| 13:20 | Construir | Gate |
| 13:31 | Construir | Stone Wall |
| 14:06 | Construir | Stone Wall |
| 14:40 | Investigar | Castle Age |
| 15:14 | Investigar | Horse Collar |
| 15:16 | Investigar | Double-Bit Axe |
| 15:43 | Construir | Gate |
| 16:03 | Construir | Mining Camp |
| 16:44 | Construir | Stone Wall |
| 16:54 | Crear | Villager (Male) |
| 16:55 | Crear | Villager (Male) |
| 17:20 | Edad | Edad de los Castillos |
| 17:27 | Construir | Town Center |
| 17:35 | Crear | Villager (Male) |
| 17:35 | Crear | Villager (Male) |
| 17:50 | Construir | Farm |
| 18:14 | Construir | Farm |
| 18:28 | Crear | Villager (Male) |
| 18:29 | Crear | Villager (Male) |
| 18:29 | Crear | Villager (Male) |
| 18:38 | Construir | Farm |
| 18:48 | Construir | Town Center |
| 18:56 | Crear | Villager (Male) |
| 18:56 | Crear | Villager (Male) |
| 18:57 | Crear | Villager (Male) |
| 18:58 | Crear | Villager (Male) |
| 19:03 | Construir | Farm |
| 19:25 | Crear | Villager (Male) |
| 19:29 | Construir | Farm |
| 19:54 | Construir | Farm |
| 19:58 | Crear | Villager (Male) |
| 19:59 | Crear | Villager (Male) |
| 20:03 | Crear | Villager (Male) |
| 20:05 | Investigar | Heavy Plow |
| 20:07 | Investigar | Bow Saw |
| 20:23 | Construir | Farm |
| 20:38 | Crear | Villager (Male) |
| 20:39 | Crear | Villager (Male) |
| 20:40 | Crear | Villager (Male) |
| 20:40 | Crear | Villager (Male) |
| 20:41 | Crear | Villager (Male) |
| 20:41 | Crear | Villager (Male) |
| 20:44 | Construir | Farm |
| 21:06 | Crear | Villager (Male) |
| 21:07 | Crear | Villager (Male) |
| 21:08 | Crear | Villager (Male) |
| 21:11 | Construir | Farm |
| 21:17 | Construir | Barracks |
| 21:34 | Construir | Farm |
| 21:36 | Construir | Farm |
| 21:37 | Crear | Villager (Male) |
| 21:39 | Crear | Villager (Male) |
| 21:40 | Crear | Villager (Male) |
| 21:41 | Crear | Villager (Male) |
| 21:41 | Crear | Villager (Male) |
| 21:59 | Crear | Villager (Male) |
| 22:02 | Construir | Farm |
| 22:08 | Construir | Farm |
| 22:30 | Construir | Stable |
| 22:33 | Construir | Farm |
| 22:37 | Construir | Farm |
| 22:39 | Crear | Villager (Male) |
| 22:41 | Crear | Villager (Male) |
| 22:42 | Crear | Villager (Male) |
| 22:43 | Crear | Villager (Male) |
| 22:52 | Construir | Farm |
| 22:57 | Construir | Farm |
| 23:05 | Construir | House |
| 23:08 | Construir | House |
| 23:28 | Investigar | Loom |
| 23:29 | Investigar | Wheelbarrow |
| 23:33 | Crear | Villager (Male) |
| 23:35 | Crear | Villager (Male) |
| 23:41 | Construir | House |
| 23:42 | Construir | House |
| 23:44 | Construir | House |
| 23:54 | Crear | Villager (Male) |
| 23:55 | Crear | Villager (Male) |
| 24:06 | Construir | Farm |
| 24:31 | Construir | Farm |
| 24:34 | Crear | Villager (Male) |
| 24:34 | Crear | Villager (Male) |
| 24:36 | Crear | Villager (Male) |
| 24:36 | Crear | Villager (Male) |
| 24:37 | Crear | Villager (Male) |
| 24:38 | Crear | Villager (Male) |
| 24:51 | Construir | Castle |
| 24:56 | Construir | Farm |
| 25:01 | Crear | Villager (Male) |
| 25:01 | Crear | Villager (Male) |
| 25:07 | Crear | Villager (Male) |
| 25:20 | Construir | Farm |
| 25:26 | Investigar | Hand Cart |
| 25:27 | Crear | Villager (Male) |
| 25:28 | Crear | Villager (Male) |
| 25:29 | Crear | Villager (Male) |
| 25:30 | Crear | Villager (Male) |
Build order — echo
Primeras 150 de 622 acciones detectadas
| 0:01 | Crear | Villager (Male) |
| 0:01 | Crear | Villager (Male) |
| 0:02 | Crear | Villager (Male) |
| 0:03 | Construir | House |
| 0:43 | Crear | Villager (Male) |
| 0:43 | Crear | Villager (Male) |
| 0:54 | Construir | House |
| 0:55 | Construir | House |
| 0:56 | Construir | House |
| 1:33 | Crear | Villager (Male) |
| 1:34 | Crear | Villager (Male) |
| 2:05 | Crear | Villager (Male) |
| 2:05 | Crear | Villager (Male) |
| 2:25 | Crear | Villager (Male) |
| 2:25 | Crear | Villager (Male) |
| 2:54 | Crear | Villager (Male) |
| 2:54 | Crear | Villager (Male) |
| 3:17 | Crear | Villager (Male) |
| 3:18 | Crear | Villager (Male) |
| 3:18 | Crear | Villager (Male) |
| 3:52 | Crear | Villager (Male) |
| 3:55 | Construir | Mill |
| 4:24 | Construir | Lumber Camp |
| 4:27 | Crear | Villager (Male) |
| 4:28 | Crear | Villager (Male) |
| 4:53 | Crear | Villager (Male) |
| 4:53 | Crear | Villager (Male) |
| 5:51 | Crear | Villager (Male) |
| 5:52 | Crear | Villager (Male) |
| 5:52 | Crear | Villager (Male) |
| 5:52 | Crear | Villager (Male) |
| 6:14 | Construir | Farm |
| 6:45 | Investigar | Loom |
| 6:50 | Crear | Villager (Male) |
| 6:51 | Investigar | Loom |
| 7:52 | Investigar | Feudal Age |
| 7:59 | Construir | Barracks |
| 8:06 | Construir | Palisade Wall |
| 8:09 | Construir | Palisade Gate |
| 8:18 | Crear | Villager (Male) |
| 9:20 | Crear | Villager (Male) |
| 10:06 | Edad | Edad Feudal |
| 10:18 | Construir | Stable |
| 10:21 | Construir | Stable |
| 10:32 | Investigar | Double-Bit Axe |
| 10:33 | Investigar | Horse Collar |
| 10:40 | Construir | Farm |
| 10:44 | Crear | Villager (Male) |
| 11:10 | Construir | Farm |
| 11:12 | Construir | Farm |
| 11:14 | Crear | Scout Cavalry |
| 11:14 | Crear | Scout Cavalry |
| 11:15 | Crear | Villager (Male) |
| 11:21 | Crear | Scout Cavalry |
| 11:21 | Crear | Scout Cavalry |
| 11:32 | Construir | Farm |
| 11:36 | Crear | Villager (Male) |
| 11:40 | Construir | Farm |
| 11:46 | Construir | Farm |
| 11:48 | Crear | Scout Cavalry |
| 12:01 | Construir | House |
| 12:20 | Investigar | Wheelbarrow |
| 12:31 | Construir | Mill |
| 12:38 | Construir | House |
| 12:39 | Construir | House |
| 12:40 | Construir | House |
| 12:50 | Crear | Villager (Male) |
| 13:04 | Construir | Farm |
| 13:05 | Construir | Farm |
| 13:34 | Construir | Mining Camp |
| 14:01 | Crear | Villager (Male) |
| 14:02 | Crear | Villager (Male) |
| 14:04 | Construir | Farm |
| 14:07 | Construir | Farm |
| 14:29 | Construir | Farm |
| 14:36 | Crear | Villager (Male) |
| 14:39 | Construir | Farm |
| 14:56 | Construir | Farm |
| 15:03 | Crear | Villager (Male) |
| 15:33 | Crear | Villager (Male) |
| 15:53 | Construir | Blacksmith |
| 16:01 | Crear | Villager (Male) |
| 16:13 | Crear | Villager (Male) |
| 16:22 | Construir | Mining Camp |
| 16:37 | Investigar | Castle Age |
| 16:42 | Investigar | Gold Mining |
| 16:46 | Crear | Scout Cavalry |
| 16:46 | Crear | Scout Cavalry |
| 17:19 | Crear | Villager (Male) |
| 17:53 | Investigar | Bloodlines |
| 18:31 | Investigar | Scale Barding Armor |
| 18:34 | Investigar | Forging |
| 18:58 | Crear | Villager (Male) |
| 19:36 | Edad | Edad de los Castillos |
| 19:40 | Construir | Town Center |
| 19:51 | Construir | Town Center |
| 19:58 | Crear | Villager (Male) |
| 20:09 | Crear | Villager (Male) |
| 20:11 | Investigar | Chain Barding Armor |
| 20:13 | Investigar | Light Cavalry (upgrade) |
| 20:27 | Investigar | Stone Mining |
| 20:29 | Crear | Villager (Male) |
| 20:33 | Investigar | Heavy Plow |
| 20:38 | Investigar | Bow Saw |
| 21:02 | Construir | Farm |
| 21:04 | Crear | Villager (Male) |
| 21:17 | Crear | Scout Cavalry |
| 21:17 | Crear | Scout Cavalry |
| 21:17 | Crear | Scout Cavalry |
| 21:17 | Crear | Scout Cavalry |
| 21:37 | Investigar | Husbandry |
| 21:42 | Crear | Villager (Male) |
| 22:01 | Crear | Villager (Male) |
| 22:01 | Crear | Villager (Male) |
| 22:02 | Crear | Villager (Male) |
| 22:04 | Crear | Villager (Male) |
| 22:04 | Crear | Villager (Male) |
| 22:13 | Construir | Farm |
| 22:16 | Construir | Farm |
| 22:33 | Construir | Farm |
| 22:34 | Crear | Villager (Male) |
| 22:35 | Crear | Villager (Male) |
| 22:35 | Crear | Villager (Male) |
| 22:44 | Construir | House |
| 22:45 | Construir | House |
| 22:46 | Construir | House |
| 22:59 | Crear | Villager (Male) |
| 22:59 | Crear | Villager (Male) |
| 22:59 | Crear | Villager (Male) |
| 23:10 | Construir | Mill |
| 23:18 | Construir | Farm |
| 23:22 | Construir | Farm |
| 23:25 | Crear | Villager (Male) |
| 23:33 | Crear | Scout Cavalry |
| 23:33 | Crear | Scout Cavalry |
| 23:35 | Crear | Villager (Male) |
| 23:35 | Crear | Villager (Male) |
| 23:45 | Crear | Villager (Male) |
| 23:51 | Construir | Farm |
| 23:51 | Construir | Farm |
| 23:52 | Construir | Farm |
| 24:01 | Construir | Farm |
| 24:04 | Crear | Villager (Male) |
| 24:04 | Crear | Villager (Male) |
| 24:04 | Crear | Villager (Male) |
| 24:09 | Construir | Farm |
| 24:09 | Construir | Farm |
| 24:13 | Crear | Villager (Male) |
| 24:17 | Construir | Farm |
| 24:21 | Crear | Villager (Male) |
Build order — 班长
Primeras 150 de 690 acciones detectadas
| 0:01 | Crear | Villager (Male) |
| 0:01 | Crear | Villager (Male) |
| 0:02 | Crear | Villager (Male) |
| 0:02 | Crear | Villager (Male) |
| 0:02 | Crear | Villager (Male) |
| 0:04 | Construir | House |
| 0:05 | Construir | House |
| 0:34 | Construir | House |
| 1:03 | Construir | House |
| 1:45 | Crear | Villager (Male) |
| 1:45 | Crear | Villager (Male) |
| 1:45 | Crear | Villager (Male) |
| 1:45 | Crear | Villager (Male) |
| 1:48 | Crear | Villager (Male) |
| 1:48 | Crear | Villager (Male) |
| 2:02 | Construir | Palisade Wall |
| 2:09 | Construir | Palisade Gate |
| 2:15 | Crear | Villager (Male) |
| 2:16 | Crear | Villager (Male) |
| 2:16 | Crear | Villager (Male) |
| 2:16 | Crear | Villager (Male) |
| 3:02 | Crear | Villager (Male) |
| 3:02 | Crear | Villager (Male) |
| 3:02 | Crear | Villager (Male) |
| 3:03 | Crear | Villager (Male) |
| 3:32 | Crear | Villager (Male) |
| 3:32 | Crear | Villager (Male) |
| 3:57 | Construir | Lumber Camp |
| 4:10 | Crear | Villager (Male) |
| 4:11 | Crear | Villager (Male) |
| 4:11 | Crear | Villager (Male) |
| 4:11 | Crear | Villager (Male) |
| 4:47 | Crear | Villager (Male) |
| 4:48 | Crear | Villager (Male) |
| 4:48 | Crear | Villager (Male) |
| 4:48 | Crear | Villager (Male) |
| 5:19 | Crear | Villager (Male) |
| 5:19 | Crear | Villager (Male) |
| 5:20 | Crear | Villager (Male) |
| 5:20 | Crear | Villager (Male) |
| 5:29 | Construir | Mill |
| 5:36 | Crear | Villager (Male) |
| 5:57 | Crear | Villager (Male) |
| 6:14 | Crear | Villager (Male) |
| 6:15 | Crear | Villager (Male) |
| 6:15 | Crear | Villager (Male) |
| 6:15 | Crear | Villager (Male) |
| 7:29 | Crear | Villager (Male) |
| 7:29 | Crear | Villager (Male) |
| 7:29 | Crear | Villager (Male) |
| 7:30 | Crear | Villager (Male) |
| 7:30 | Crear | Villager (Male) |
| 8:02 | Crear | Villager (Male) |
| 8:03 | Crear | Villager (Male) |
| 8:18 | Construir | Farm |
| 8:59 | Construir | Mining Camp |
| 9:14 | Crear | Villager (Male) |
| 9:36 | Construir | Farm |
| 9:52 | Investigar | Feudal Age |
| 10:08 | Construir | House |
| 10:10 | Construir | House |
| 10:12 | Construir | House |
| 10:15 | Construir | House |
| 10:18 | Construir | House |
| 10:20 | Construir | House |
| 10:59 | Construir | Farm |
| 11:15 | Crear | Villager (Male) |
| 11:15 | Crear | Villager (Male) |
| 12:09 | Edad | Edad Feudal |
| 12:16 | Construir | Blacksmith |
| 12:36 | Crear | Villager (Male) |
| 12:59 | Construir | Market |
| 13:10 | Construir | Stone Wall |
| 13:17 | Construir | Gate |
| 13:24 | Crear | Villager (Male) |
| 13:48 | Construir | Mining Camp |
| 13:57 | Investigar | Castle Age |
| 14:29 | Crear | Villager (Male) |
| 14:29 | Crear | Villager (Male) |
| 14:33 | Construir | Farm |
| 14:37 | Construir | Farm |
| 14:47 | Construir | Farm |
| 15:41 | Construir | Farm |
| 15:41 | Construir | Farm |
| 15:42 | Construir | Farm |
| 15:42 | Construir | Farm |
| 16:37 | Edad | Edad de los Castillos |
| 16:53 | Construir | Town Center |
| 17:04 | Crear | Villager (Male) |
| 17:04 | Crear | Villager (Male) |
| 17:29 | Crear | Villager (Male) |
| 17:51 | Crear | Villager (Male) |
| 17:51 | Crear | Villager (Male) |
| 17:54 | Crear | Villager (Male) |
| 17:54 | Crear | Villager (Male) |
| 18:01 | Investigar | Double-Bit Axe |
| 18:12 | Crear | Villager (Male) |
| 18:45 | Crear | Villager (Male) |
| 18:45 | Crear | Villager (Male) |
| 19:04 | Crear | Villager (Male) |
| 19:12 | Construir | Town Center |
| 19:48 | Crear | Villager (Male) |
| 19:48 | Crear | Villager (Male) |
| 19:49 | Crear | Villager (Male) |
| 20:09 | Crear | Villager (Male) |
| 20:10 | Crear | Villager (Male) |
| 20:38 | Construir | Castle |
| 20:50 | Construir | Farm |
| 20:51 | Construir | Farm |
| 20:57 | Investigar | Scale Barding Armor |
| 21:09 | Construir | Farm |
| 21:09 | Construir | Farm |
| 21:09 | Construir | Farm |
| 21:10 | Construir | Farm |
| 21:10 | Construir | Farm |
| 21:10 | Construir | Farm |
| 21:10 | Construir | Farm |
| 21:11 | Construir | Farm |
| 21:20 | Investigar | Fletching |
| 21:41 | Construir | Farm |
| 21:45 | Construir | Farm |
| 21:54 | Construir | Farm |
| 22:06 | Construir | Farm |
| 22:09 | Construir | Farm |
| 22:13 | Construir | Farm |
| 22:15 | Crear | Conquistador |
| 22:15 | Crear | Conquistador |
| 22:28 | Crear | Villager (Male) |
| 22:28 | Crear | Villager (Male) |
| 22:29 | Crear | Villager (Male) |
| 22:29 | Crear | Villager (Male) |
| 22:37 | Construir | Farm |
| 22:52 | Construir | Farm |
| 22:55 | Investigar | Horse Collar |
| 22:56 | Crear | Villager (Male) |
| 22:56 | Crear | Villager (Male) |
| 23:03 | Crear | Conquistador |
| 23:03 | Crear | Conquistador |
| 23:04 | Crear | Conquistador |
| 23:04 | Crear | Conquistador |
| 23:15 | Construir | Farm |
| 23:15 | Construir | Farm |
| 23:15 | Construir | Farm |
| 23:15 | Construir | Farm |
| 23:16 | Construir | Farm |
| 23:16 | Construir | Farm |
| 23:24 | Crear | Conquistador |
| 23:25 | Crear | Villager (Male) |
| 23:26 | Crear | Villager (Male) |
| 23:37 | Investigar | Padded Archer Armor |
Cronología de la partida
| 2:02 | 班长 · wall_segment Palisade Wall x14 |
| 4:12 | jardan1234 · wall_segment Palisade Wall x2 |
| 4:15 | jardan1234 · wall_segment Palisade Wall x8 |
| 5:35 | 啥牌子的 · wall_segment Palisade Wall x1 |
| 5:36 | 啥牌子的 · wall_segment Palisade Wall x1 |
| 5:36 | 啥牌子的 · wall_segment Palisade Wall x1 |
| 6:37 | 肥肠拌面 · wall_segment Palisade Wall x8 |
| 6:39 | The Wulf · first_building Barracks |
| 6:44 | The Wulf · wall_segment Palisade Wall x7 |
| 7:59 | echo · first_building Barracks |
| 8:06 | echo · wall_segment Palisade Wall x6 |
| 9:40 | 飞飞茫茫 · wall_segment Palisade Wall x7 |
| 9:50 | The Wulf · age_up feudal |
| 9:54 | The Wulf · first_building Stable |
| 10:06 | echo · age_up feudal |
| 10:18 | echo · first_building Stable |
| 10:28 | jardan1234 · wall_segment Palisade Wall x4 |
| 10:29 | jardan1234 · wall_segment Palisade Wall x5 |
| 10:34 | 啥牌子的 · age_up feudal |
| 10:41 | jardan1234 · age_up feudal |
| 11:24 | 飞飞茫茫 · age_up feudal |
| 11:43 | sevaslav · first_building Barracks |
| 11:48 | 肥肠拌面 · age_up feudal |
| 12:09 | 班长 · age_up feudal |
| 12:24 | sevaslav · age_up feudal |
| 12:30 | sevaslav · first_building Archery Range |
| 12:36 | 飞飞茫茫 · wall_segment Palisade Wall x1 |
| 13:10 | 班长 · wall_segment Stone Wall x16 |
| 13:31 | 肥肠拌面 · wall_segment Stone Wall x1 |
| 14:06 | 肥肠拌面 · wall_segment Stone Wall x9 |
| 14:09 | 啥牌子的 · age_up castle |
| 14:55 | 飞飞茫茫 · age_up castle |
| 14:58 | 飞飞茫茫 · first_building Castle |
| 15:07 | jardan1234 · age_up castle |
| 15:10 | jardan1234 · first_building Barracks |
| 15:57 | sevaslav · age_up castle |
| 16:03 | jardan1234 · first_building Stable |
| 16:37 | 班长 · age_up castle |
| 16:44 | 肥肠拌面 · wall_segment Stone Wall x1 |
| 17:20 | 肥肠拌面 · age_up castle |
| 17:43 | jardan1234 · first_market_buy 100 wood |
| 18:33 | 飞飞茫茫 · first_building Barracks |
| 18:50 | 飞飞茫茫 · first_market_sell 100 wood |
| 19:25 | 飞飞茫茫 · first_building Stable |
| 19:36 | echo · age_up castle |
| 19:45 | 啥牌子的 · first_building Siege Workshop |
| 20:38 | 班长 · first_building Castle |
| 21:09 | The Wulf · wall_segment Stone Wall x12 |
| 21:17 | 肥肠拌面 · first_building Barracks |
| 22:23 | The Wulf · wall_segment Stone Wall x5 |
| 22:30 | 肥肠拌面 · first_building Stable |
| 22:53 | 啥牌子的 · first_building Castle |
| 23:15 | jardan1234 · first_building Monastery |
| 24:21 | 飞飞茫茫 · first_market_buy 100 wood |
| 24:51 | 肥肠拌面 · first_building Castle |
| 24:53 | The Wulf · age_up castle |
| 25:14 | echo · first_building Castle |
| 26:56 | 班长 · first_building Barracks |
| 26:57 | 啥牌子的 · first_market_sell 100 wood |
| 27:17 | 啥牌子的 · first_building Barracks |
| 28:02 | 啥牌子的 · first_building Stable |
| 29:44 | 啥牌子的 · age_up imperial |
| 29:46 | jardan1234 · first_building Siege Workshop |
| 29:56 | sevaslav · first_building Monastery |
| 30:02 | The Wulf · first_building Monastery |
| 30:07 | jardan1234 · first_market_sell 100 food |
| 30:19 | sevaslav · first_market_sell 100 wood |
| 30:23 | The Wulf · first_building Archery Range |
| 30:34 | sevaslav · first_market_buy 100 food |
| 30:50 | jardan1234 · first_building Castle |
| 30:57 | 飞飞茫茫 · first_building Archery Range |
| 31:38 | 肥肠拌面 · age_up imperial |
| 33:04 | sevaslav · first_building Castle |
| 33:25 | echo · first_market_sell 100 food |
| 33:31 | 啥牌子的 · first_market_buy 100 stone |
| 33:37 | sevaslav · age_up imperial |
| 33:39 | jardan1234 · age_up imperial |
| 33:43 | 肥肠拌面 · first_market_sell 500 wood |
| 33:45 | 飞飞茫茫 · age_up imperial |
| 34:02 | The Wulf · age_up imperial |
| 34:29 | echo · age_up imperial |
| 34:34 | 班长 · age_up imperial |
| 37:35 | 班长 · first_building Archery Range |
| 38:00 | The Wulf · first_market_sell 100 food |
| 38:50 | The Wulf · first_building Castle |
| 39:16 | jardan1234 · wall_segment Stone Wall x6 |
| 39:26 | jardan1234 · wall_segment Stone Wall x7 |
| 40:23 | 班长 · first_market_buy 100 wood |
| 41:07 | sevaslav · wall_segment Stone Wall x4 |
| 42:43 | jardan1234 · wall_segment Stone Wall x7 |
| 42:45 | jardan1234 · wall_segment Stone Wall x10 |
| 43:08 | jardan1234 · wall_segment Stone Wall x1 |
| 43:37 | echo · wall_segment Stone Wall x9 |
| 44:40 | 飞飞茫茫 · wall_segment Stone Wall x7 |
| 44:43 | 飞飞茫茫 · wall_segment Stone Wall x11 |
| 45:51 | jardan1234 · wall_segment Stone Wall x4 |
| 46:00 | echo · first_building Siege Workshop |
| 46:23 | jardan1234 · wall_segment Stone Wall x1 |
| 46:28 | jardan1234 · wall_segment Stone Wall x1 |
| 48:47 | 飞飞茫茫 · wall_segment Stone Wall x1 |
| 48:55 | 飞飞茫茫 · wall_segment Stone Wall x1 |
| 48:59 | 飞飞茫茫 · wall_segment Stone Wall x1 |
| 49:25 | jardan1234 · wall_segment Stone Wall x1 |
| 49:26 | jardan1234 · wall_segment Stone Wall x1 |
| 49:27 | 飞飞茫茫 · wall_segment Stone Wall x1 |
| 49:29 | 飞飞茫茫 · wall_segment Stone Wall x1 |
| 49:36 | 飞飞茫茫 · wall_segment Stone Wall x1 |
| 49:39 | 飞飞茫茫 · wall_segment Stone Wall x1 |
| 49:42 | 飞飞茫茫 · wall_segment Stone Wall x1 |
| 49:49 | 飞飞茫茫 · wall_segment Stone Wall x1 |
| 49:51 | 飞飞茫茫 · wall_segment Stone Wall x1 |
| 49:54 | 飞飞茫茫 · wall_segment Stone Wall x1 |
| 49:59 | jardan1234 · wall_segment Stone Wall x3 |
| 50:05 | 飞飞茫茫 · wall_segment Stone Wall x1 |
| 50:07 | 飞飞茫茫 · wall_segment Stone Wall x1 |
| 50:08 | 飞飞茫茫 · wall_segment Stone Wall x1 |
| 50:12 | 飞飞茫茫 · wall_segment Stone Wall x1 |
| 52:19 | 飞飞茫茫 · first_building Siege Workshop |
| 52:39 | The Wulf · first_market_buy 100 stone |
| 53:06 | jardan1234 · wall_segment Palisade Wall x1 |
| 53:07 | jardan1234 · wall_segment Palisade Wall x1 |
| 53:37 | echo · resign |
[ ANÁLISIS IA · 1 CRÉDITO ]
¿Qué pasó realmente en esta partida?
Wolo.gg analiza cada decisión: build order, eco, micro, errores típicos por bracket. Análisis personalizado por WhatsApp o Discord en 30 segundos.
Guía civ
Francos
Perfil
Jugador #2689803